Map: Orbital Shipyard

Players

capac

  • Race: Terran Terran
  • League: Gold

Kostyr - Winner!

  • Race: Terran Terran
  • League: Gold

VOD

Have the link to the VOD?

Description

Time

  • Played on: Feb. 17, 2016, 10:16 a.m.
  • Length: 5:32
Show
View Real Time Build Order
Export as new Build Order

capac Terran 

Build Orders:  

Get SALT Encoding   

  12  0:00  SCV  
  13  0:13  SCV  
  14  0:17  Supply Depot  
  14  0:25  SCV  
  15  0:39  SCV  
  15  0:40  Barracks  
  16  0:46  Refinery  
  16  0:51  SCV  
  17  1:05  SCV  
  18  1:17  SCV  
  19  1:29  Marine  
  19  1:30  Supply Depot  
  21  1:34  Orbital Command  
  20  1:47  Marine  
  21  1:55  Command Center  
  21  2:06  SCV  
  22  2:09  Marine  
  23  2:20  Factory  
  23  2:23  SCV  
  24  2:35  Barracks, SCV  
  25  2:37  Marine  
  23  2:55  Marine  
  23  3:10  Factory Tech Lab  
  23  3:12  SCV  
  24  3:13  Marine  
  24  3:17  Orbital Command  
  25  3:24  SCV  
  26  3:31  Marine  
  27  3:34  Siege Tank  
  27  3:41  Bunker  
  8  4:10  SCV  
  5  4:33  SCV  
  6  4:42  Marine  
  6  4:45  SCV  
  8  4:53  SCV  
  9  5:01  SCV  
  9  5:06  Marine  
Show
View Real Time Build Order
Export as new Build Order

Kostyr Terran - Winner!

Build Orders:  

Get SALT Encoding   

  12  0:02  SCV  
  13  0:14  SCV  
  14  0:19  Supply Depot  
  14  0:26  SCV  
  15  0:32  Refinery  
  15  0:46  Barracks  
  15  0:54  SCV  
  16  1:02  Barracks  
  16  1:30  SCV  
  17  1:34  Refinery, Reaper  
  18  1:45  Orbital Command  
  18  1:57  Reaper  
  19  2:12  SCV  
  19  2:13  Reaper  
  21  2:29  Reaper  
  22  2:45  Reaper  
  23  3:20  Refinery, Command Center  
  23  3:22  Supply Depot  
  23  3:30  Reaper x2, SCV  
  26  3:42  SCV  
  23  4:27  Reaper  
  23  4:28  Reaper  
  23  4:29  SCV  
  25  4:32  Supply Depot  
  25  4:36  Supply Depot, Orbital Command  
  25  4:41  SCV  
  26  4:47  Factory  
  26  4:53  Supply Depot, SCV  
  27  5:05  SCV  
  28  5:17  SCV  
Tags
 
Add a new tag
Caveats
  • Supply blocks, unpowered buildings, or Contaminate may cause inaccurate times.
  • Supply counts are checked every 10 seconds.